 Dungeon Crawl Stone Soup version 0.30-a0-1075-gcd70e7a56d (webtiles) character file.

Game seed: 16301049462927873834

8823 LustLizard the Dancer (level 11, -6/66 HPs)
             Began as a Kobold Brigand on Apr 15, 2023.
             Was an Initiate of Uskayaw.
             Mangled by a komodo dragon (29 damage)
             ... on level 10 of the Dungeon.
             The game lasted 00:32:00 (12750 turns).

LustLizard the Dancer (Kobold Brigand)             Turns: 12750, Time: 00:32:00

Health: -6/66      AC:  8    Str: 12    XL:     11   Next: 63%
Magic:  17/22      EV: 16    Int: 12    God:    Uskayaw [......]
Gold:   461        SH:  0    Dex: 18    Spells: 10/10 levels left

rFire   . . .      SeeInvis .    E - +3 dagger (speed)
rCold   . . .      Faith    +    (no shield)
rNeg    . . .      Spirit   .    T - +0 acid dragon scales
rPois   .          Reflect  .    (no helmet)
rElec   .          Rampage  .    c - +0 cloak
rCorr   +                        (no gloves)
Will    .....                    (no boots)
Stlth   +++++                    B - amulet of faith
HPRegen 0.31/turn                M - ring of resist corrosion
MPRegen 0.18/turn                b - ring of wizardry

@: no status effects
A: small, no large weapons, nightstalker 3
a: Renounce Religion


You were on level 10 of the Dungeon.
You worshipped Uskayaw.
Uskayaw was pleased with you.
You visited 2 branches of the dungeon, and saw 11 of its levels.

You collected 818 gold pieces.
You spent 357 gold pieces at shops.

Inventory:

Hand Weapons
 y - a +0 rapier
 E - a +3 dagger of speed (weapon)
Missiles
 d - 51 poisoned darts (quivered)
 e - 8 curare-tipped darts
Armour
 c - a +0 cloak (worn)
 T - +0 acid dragon scales (worn)
Jewellery
 b - a ring of wizardry (right hand)
 g - a ring of ice
 s - a ring of fire
 w - an amulet of reflection
 B - an amulet of faith (around neck)
 F - an amulet of the acrobat
 M - a ring of resist corrosion (left hand)
 S - a ring of ice
Wands
 f - a wand of charming (3)
 l - a wand of flame (4)
 C - a wand of roots (16)
 K - a wand of mindburst (4)
 R - a wand of polymorph (9)
Scrolls
 k - 2 scrolls of teleportation
 n - 3 scrolls of immolation {unknown}
 o - 3 scrolls of noise {unknown}
 q - 3 scrolls of fear
 r - a scroll of enchant armour {unknown}
 v - 3 scrolls of blinking
 x - 2 scrolls of torment {unknown}
 A - 3 scrolls of fog {unknown}
 D - 2 scrolls of enchant weapon
 G - 2 scrolls of summoning {unknown}
 H - 2 scrolls of amnesia {unknown}
 J - a scroll of vulnerability {unknown}
 L - a scroll of poison {unknown}
 Q - 2 scrolls of silence {unknown}
Potions
 a - 2 potions of berserk rage
 h - 3 potions of heal wounds
 i - 2 potions of flight
 m - 2 potions of resistance
 p - a potion of lignification
 t - 3 potions of magic
 u - a potion of attraction
 z - 6 potions of curing
 I - a potion of might
 N - 3 potions of brilliance
 O - a potion of haste
 P - a potion of mutation {unknown}
Miscellaneous
 j - a box of beasts


   Skills:
 + Level 6.9 Fighting
 - Level 10.0 Short Blades
 - Level 2.1 Throwing
 + Level 3.6 Armour
 + Level 5.5 Dodging
 - Level 7.6 Stealth
 + Level 14.7 Invocations
 + Level 3.6 Evocations


You had 10 spell levels left.
You didn't know any spells.
Your spell library contained the following spells:

 Spells                   Type           Power      Damage    Failure   Level
 Summon Small Mammal      Summ           0%         N/A       19%         1
 Ensorcelled Hibernation  Hex/Ice        0%         N/A       28%         2
 Passwall                 Tmut/Erth      0%         N/A       28%         2
 Sublimation of Blood     Necr           0%         N/A       28%         2
 Call Canine Familiar     Summ           0%         N/A       47%         3
 Dazzling Flash           Conj/Hex       0%         N/A       47%         3
 Portal Projectile        Hex/Tloc       0%         N/A       47%         3
 Summon Guardian Golem    Hex/Summ       0%         N/A       47%         3
 Swiftness                Air            0%         N/A       47%         3
 Volatile Blastmotes      Fire/Tloc      0%         2d10      47%         3
 Flame Wave               Conj/Fire      0%         2d4       86%         4
 Iskenderun's Mystic Bla  Conj/Tloc      0%         2d3       86%         4
 Leda's Liquefaction      Hex/Erth       0%         N/A       86%         4
 Petrify                  Tmut/Erth      0%         N/A       86%         4
 Sticky Flame             Conj/Fire      0%         2d3       86%         4
 Irradiate                Conj/Tmut      0%         3d11      99%         5
 Summon Forest            Summ/Tloc      0%         N/A       99%         5
 Summon Mana Viper        Hex/Summ       0%         N/A       99%         5
 Starburst                Conj/Fire      0%         6d3       100%        6
 Summon Cactus Giant      Summ           0%         N/A       100%        6


Dungeon Overview and Level Annotations

Branches:
Dungeon (10/15)            Temple (1/1) D:4            Lair (0/5) D:9
    Orc: D:9-12

Altars:
Ashenzari
Dithmenos
Elyvilon
Fedhas
Gozag
Hepliaklqana
Makhleb
Nemelex Xobeh
Okawaru
Trog
Uskayaw
Vehumet
Wu Jian
Zin

Shops:
D:3 ***   D:4 =

Annotations:
D:7 Maggie
D:8 Maurice


Innate Abilities, Weirdness & Mutations

You are small and have problems with some larger weapons.
You are completely attuned to the shadows.


Message History

The komodo dragon is moderately wounded.
You closely miss the komodo dragon.
The komodo dragon is moderately wounded.
The komodo dragon bites you!
You closely miss the komodo dragon.
The komodo dragon is moderately wounded.
You hit the komodo dragon.
The komodo dragon is heavily wounded.
You hit the komodo dragon but do no damage.
The komodo dragon is heavily wounded.
The komodo dragon closely misses you.
You hit the komodo dragon but do no damage.
The komodo dragon is heavily wounded.
You hit the komodo dragon.
The komodo dragon is heavily wounded.
You can now stomp with the beat.
You hit the komodo dragon but do no damage.
The komodo dragon is heavily wounded.
The komodo dragon barely misses you.
You hit the komodo dragon.
The komodo dragon is heavily wounded.
You hit the komodo dragon but do no damage.
The komodo dragon is heavily wounded.
You hit the komodo dragon.
The komodo dragon is severely wounded.
The komodo dragon bites you!
You hit the komodo dragon.
The komodo dragon is severely wounded.
You hit the komodo dragon but do no damage.
The komodo dragon is severely wounded.
You hit the komodo dragon.
The komodo dragon is severely wounded.
The komodo dragon bites you!!
You hit the komodo dragon.
The komodo dragon is severely wounded.
You stomp with the beat, sending a shockwave through the revellers around you!
The komodo dragon is almost dead.
You can no longer stomp with the beat.
The komodo dragon bites you!!
You die...

.....#...# #.......#
.....#...# #.......#
.....#...#...#.......#
.....#...#...#.......#
.....#...#...#
#######..#..#########
.....................
.....................
................@l...
.....................
.....................
.....................
.....................
###########


You could see a komodo dragon.

Vanquished Creatures
  A boulder beetle (D:10)
  An ugly thing (D:9)
  Joseph (D:8)
  Prince Ribbit (D:7)
  A hornet (D:7)
  A wyvern (D:8)
  A wraith (D:9)
  14 yaks
  3 steam dragons
  Edmund (D:5)
  2 acid dragons (D:9)
  A water moccasin (D:9)
  A black bear (D:7)
  5 sky beasts
  An ice beast (D:8)
  An ogre (D:6)
  2 orc warriors
  8 centaurs
  4 kobold brigands
  3 phantoms
  2 bullfrogs
  A gnoll sergeant (D:7)
  4 scorpions
  4 wights (D:9)
  4 killer bees (D:9)
  A howler monkey (D:8)
  2 jellies
  Crazy Yiuf (D:7)
  A bullfrog skeleton (D:5)
  3 hounds
  A centaur skeleton (D:5)
  4 orc priests
  7 iguanas
  A sleepcap (D:7)
  6 orc wizards
  Ijyb (D:3)
  Robin (D:3)
  8 adders
  2 shadow imps
  2 white imps
  2 ufetubi (D:7)
  A worm (D:3)
  The ghost of Esekla the Sneak, a weakling OpDe (D:5)
  5 dart slugs
  22 orcs
  6 endoplasms
  A giant cockroach (D:1)
  9 hobgoblins
  4 jackals (D:1)
  17 kobolds
  6 quokkas
  6 ball pythons
  5 bats
  5 frilled lizards
  16 goblins
  11 rats
226 creatures vanquished.

Vanquished Creatures (others)
  3 plants (D:3)
3 creatures vanquished.

Grand Total: 229 creatures vanquished

Notes
Turn   | Place    | Note
-------+----------+-------------------------------------------
     0 | D:1      | LustLizard the Kobold Brigand began the quest for the Orb.
     0 | D:1      | Reached XP level 1. HP: 12/12 MP: 1/1
    56 | D:1      | Found a faded altar of an unknown god.
   120 | D:1      | Reached XP level 2. HP: 14/18 MP: 2/2
   468 | D:1      | Reached XP level 3. HP: 22/22 MP: 3/3
  1087 | D:2      | Reached XP level 4. HP: 27/27 MP: 4/4
  2047 | D:3      | Found Nail's Assorted Antiques.
  2072 | D:3      | Bought a scroll labelled COAGUN KUI for 19 gold pieces
  2072 | D:3      | Bought a fuming red potion for 17 gold pieces
  2072 | D:3      | Bought a scroll labelled NAIB PEPRUT for 19 gold pieces
  2138 | D:3      | You fall into a shaft and drop 3 floors!
  2167 | D:5      | Entered Level 5 of the Dungeon
  2175 | D:5      | Reached skill level 5 in Short Blades
  2175 | D:5      | Reached XP level 5. HP: 32/32 MP: 5/5
  2348 | D:5      | Noticed Edmund
  2407 | D:5      | Noticed a centaur
  2447 | D:5      | Reached XP level 6. HP: 36/37 MP: 6/6
  2637 | D:4      | Found a staircase to the Ecumenical Temple.
  2643 | Temple   | Entered the Ecumenical Temple
  2673 | Temple   | Became a worshipper of Uskayaw the Reveller
  2674 | Temple   | Reached skill level 13 in Invocations
  2674 | Temple   | Reached XP level 7. HP: 42/42 MP: 6/17
  2785 | D:4      | Found Nyicsom's Jewellery Boutique.
  3018 | D:3      | Reached * piety under Uskayaw
  3043 | D:3      | Noticed Robin
  3049 | D:3      | Reached ** piety under Uskayaw
  3050 | D:3      | Killed Robin
  3138 | D:3      | Noticed Ijyb
  3152 | D:3      | Killed Ijyb
  3262 | D:3      | Found a bloodstained altar of Trog.
  3399 | D:3      | Found Uxideca's Assorted Antiques.
  3405 | D:3      | Bought a scroll labelled DUXZIE NIMOFOY for 23 gold pieces
  3405 | D:3      | Bought a scroll labelled SAMOIL YTENUJ for 23 gold pieces
  3405 | D:3      | Bought a fuming red potion for 20 gold pieces
  3405 | D:3      | Bought a fuming red potion for 20 gold pieces
  3405 | D:3      | Bought a scroll labelled VOOTUKHL UFETA for 23 gold pieces
  3410 | D:3      | Bought a scroll labelled WIRAEX NASUEPP for 23 gold pieces
  3411 | D:3      | Found Zubyc's Assorted Antiques.
  4371 | D:5      | Found a runed translucent gate.
  4371 | D:5      | Found a runed translucent gate.
  4371 | D:5      | Found a runed translucent gate.
  4424 | D:5      | Found a shadowy altar of Dithmenos.
  4634 | D:5      | Reached XP level 8. HP: 48/48 MP: 14/18
  4744 | D:5      | Found an iron altar of Okawaru.
  5369 | D:6      | Found a hazy altar of Hepliaklqana.
  5370 | D:6      | Found a burning altar of Makhleb.
  5371 | D:6      | Found a glowing silver altar of Zin.
  5656 | D:6      | Found an opulent altar of Gozag.
  5745 | D:6      | Reached *** piety under Uskayaw
  6376 | D:7      | Found a runed translucent door.
  6379 | D:7      | Noticed Crazy Yiuf
  6384 | D:7      | Killed Crazy Yiuf
  6444 | D:7      | Noticed Maggie
  6491 | D:7      | Reached XP level 9. HP: 37/52 MP: 15/19
  6905 | D:8      | Noticed Maurice
  6948 | D:8      | Got the Parchment of the Discharge
  7231 | D:5      | Killed Edmund
  7445 | D:3      | Bought 2 bubbling white potions for 46 gold pieces
  7445 | D:3      | Bought a dark potion for 23 gold pieces
  7541 | D:5      | Noticed Esekla's ghost (weakling OpDe)
  7547 | D:5      | Killed Esekla's ghost
  7714 | D:7      | Reached **** piety under Uskayaw
  7833 | D:7      | Noticed Prince Ribbit
  7845 | D:7      | Killed Prince Ribbit
  7912 | D:7      | Reached skill level 14 in Invocations
  7979 | D:7      | Reached skill level 5 in Fighting
  8155 | D:7      | Reached skill level 1 in Armour
  8548 | D:7      | Reached XP level 10. HP: 45/59 MP: 20/20
  8560 | D:7      | Reached ***** piety under Uskayaw
  9184 | D:3      | Bought a scroll labelled WAONKO KYUJOAPP for 26 gold pieces
  9184 | D:3      | Bought a scroll labelled TOIFOSMEINY for 26 gold pieces
  9184 | D:3      | Bought a scroll labelled VOOTUKHL UFETA for 26 gold pieces
  9184 | D:3      | Bought a metallic puce potion for 23 gold pieces
  9508 | D:8      | Noticed Joseph
  9517 | D:8      | HP: 2/58 [wyvern (2)]
  9634 | D:8      | Killed Joseph
 10174 | D:9      | Found a staircase to the Lair.
 10503 | D:9      | Reached skill level 10 in Short Blades
 10688 | D:9      | Reached skill level 1 in Evocations
 10688 | D:9      | Reached XP level 11. HP: 64/64 MP: 21/21
 10779 | D:9      | Noticed a red ugly thing
 11710 | D:9      | Killed a red ugly thing
 11819 | D:10     | Entered Level 10 of the Dungeon
 12060 | D:10     | Reached skill level 5 in Dodging
 12608 | D:10     | Noticed a boulder beetle
 12621 | D:10     | Killed a boulder beetle
 12750 | D:10     | Mangled by a komodo dragon

Illustrated notes

Levels and vault maps discovered:
D:1:      dpeg_arrival_ratfight, layout_rooms,
          hellmonk_ecumenical_altar_run_dry, minmay_misc_feat_hallway,
          st_stairs_10
D:2:      layout_loops_corners
D:3:      layout_rooms, mainiacjoe_overflow_tiny_flanked, serial_shops, shop,
          nicolae_diamond_shop, nicolae_shop_crystal, serial_bayou_pond_a,
          uniq_ijyb, uniq_robin
D:4:      layout_loops_corners, minmay_temple_entry_waves, serial_shops,
          nicolae_shop_crystal
D:5:      layout_basic, lemuel_tele_altar, nicolae_overflow_hidden_temple,
          gammafunk_ghost_necromancy, uniq_edmund
D:6:      layout_loops_ring, chequers_temple_overflow_statue_of_worship,
          nicolae_gozag_seed_capital, minmay_misc_feat_four_crosses,
          kennysheep_generic_room_15
D:7:      minmay_polygon_palace, layout_basic, kennysheep_generic_room_14,
          uniq_crazy_yiuf_cottage, uniq_maggie, uniq_prince_ribbit1
D:8:      layout_basic, uniq_joseph, uniq_maurice
D:9:      layout_long_grid, lair_entry_dummy, serial_bayou_crossing
D:10:     layout_grid_maze
Temple:   nicolae_temple_bog_church

Skill      XL: |  1  2  3  4  5  6  7  8  9 10 11 |
---------------+----------------------------------+-----
Short Blades   | 3 4 5 6 7 8 10 | 10.0
Fighting       | 3 4 5 6 |  6.9
Stealth        | 6 7 |  7.6
Invocations    | 13 14 | 14.7
Dodging        | 2 4 5 |  5.5
Armour         | 1 2 3 |  3.6
Evocations     | 1 3 |  3.6
Throwing       | |  2.1

Action                     |  1- 3 |  4- 6 |  7- 9 | 10-12 || total
---------------------------+-------+-------+-------+-------++-------
  Melee: Dagger            |    88 |    67 |   407 |   296 ||   858
         Punch             |     1 |     1 |     9 |     8 ||    19
  Throw: Dart              |       |       |    13 |    13 ||    26
 Invoke: Stomp             |       |       |    33 |    34 ||    67
    Use: Scroll            |       |     3 |     7 |    10 ||    20
         Potion            |       |     1 |       |     3 ||     4
   Stab: Sleeping          |     5 |    21 |    15 |    14 ||    55
         Distracted        |     1 |     1 |     8 |     4 ||    14
         Paralysed         |       |       |     4 |    13 ||    17
 Armour: Robe              |     3 |     4 |    16 |       ||    23
         Ring mail         |    19 |       |       |       ||    19
         Scale mail        |    10 |       |    22 |    26 ||    58
         Acid dragon scale |       |       |       |    13 ||    13
  Dodge: Dodged            |    74 |    28 |   140 |    76 ||   318
  Block: Other             |       |       |     5 |       ||     5

Table legend: (Time is in decaauts)
 A = Elapsed time spent in this place.
 B = Non-inter-level travel time spent in this place.
 C = Inter-level travel time spent in this place.
 D = Time resting spent in this place.
 E = Time spent auto-exploring this place.
 F = Levels seen in this place.
 G = Mean time per level.
                   A        B        C        D        E       F      G
               +--------+--------+--------+--------+--------+-----+--------+
         Total |  12357 |  11609 |    748 |   2297 |   7067 |  11 | 1123.4 |
       Dungeon |  12309 |  11576 |    733 |   2297 |   7067 |  10 | 1230.9 |
        Temple |     47 |     32 |     15 |      0 |      0 |   1 |   47.0 |
               +--------+--------+--------+--------+--------+-----+--------+

Top non-repeatable levels by time:
     D:7: 2108 daAuts
     D:9: 1629 daAuts
     D:6: 1454 daAuts
     D:5: 1424 daAuts
     D:4: 1060 daAuts
     D:2: 1039 daAuts
     D:8: 1028 daAuts
    D:10: 864 daAuts
     D:3: 855 daAuts
     D:1: 846 daAuts
  Temple: 47 daAuts
